Zazza, neutral female gnomish Wizard # -------------- ---|- |>...........-# |...-# |............|# |...|# -----.--------# ---.-# # # # # ### # ### # # # # # ### # ---.- ### ### # # |...| # # # # |...| # ### # # ##-....# # # # # # |...|# # ### ---|----------- # #### ### -----# ---.---- # |.............| # ----|--- # ### ------ |<.....| ###|.............| # |......| ## #######..@.`| |.(....| #..............| ### |......| # ### |.>$.| |......| |.............| # |.......### # |f...| |......| --------------- ##-......| ##.....| -------- -------- ------ Zazza the Evoker Experience level: 1 Strength: 10 Dexterity: 13 Constitution: 16 Intelligence: 19 Wisdom: 9 Charisma: 8 Health: 0(11) Energy: 4(8) Def: 4 Gold: 116 Moves: 908 Dungeon seed: cUR15yA-pKarOKwQ Game ID: Zazza_1620972703 Your Inventory: Coins $ - 116 gold pieces Weapons G - 11 +0 darts Armor e - an uncursed +0 cloak of magic resistance (being worn) r - an uncursed +0 orcish helm (being worn) Scrolls s - an uncursed scroll of teleportation Potions F - a cursed potion of restore ability Rings c - an uncursed ring of shock resistance (on right hand) d - a blessed +2 ring of protection (on left hand) Wands b - a wand of make invisible (0:6) Tools k - an uncursed skeleton key z - an uncursed bag of holding A - an uncursed blindfold Gems n - an uncursed worthless piece of white glass Contents of the bag of holding: 226 gold pieces 12 +0 darts a blessed +1 quarterstaff an uncursed scroll of charging an uncursed scroll of earth a blessed scroll of enchant armor a cursed scroll of light an uncursed scroll of remove curse a blessed spellbook of force bolt an uncursed spellbook of knock an uncursed spellbook of sleep an uncursed potion of confusion a cursed potion of levitation an uncursed potion of object detection an uncursed potion of oil an uncursed potion of see invisible an uncursed potion of water an uncursed ring of free action an uncursed ring of poison resistance an uncursed blindfold a magic marker (0:50) Spells and supernatural/magical abilities: Name Level Category Fail Memory a - force bolt 1 attack 0% 96% k - knock 1 matter 0% 99% z - sleep 1 enchantment 0% 96% W - pray for help -- divine ? -- Your skills at the end: Fighting Skills Weapon Skills quarterstaff [Basic] Spellcasting Skills attack spells [Basic] enchantment spells [Basic] Final Attributes: You were nominally aligned. You were shock resistant. You were magic-protected. You had infravision. You were protected. You are dead. Vanquished creatures: a coyote a gecko 6 jackals a kobold a goblin 2 grid bugs a lichen a kobold zombie 3 newts 17 creatures vanquished. Voluntary challenges: You followed a strict vegan diet. You never hit with a wielded weapon. You were a pacifist. You read items or engraved 1 time, starting on turn 638. You never genocided any monsters. You never polymorphed an object. You never changed form. You used no wishes. You never split a pudding. You never wrote Elbereth's name. You never violated your personal moral code. Dungeon overview: The Dungeons of Doom: levels 1 to 3 Level 1 some altars to Ptah and Anhur a long staircase Level 2 a fountain Level 3 <- You were here a long staircase History has recorded: On T:1 you entered the Dungeons of Doom to retrieve the Amulet of Yendor! On T:300 you reached level 2 of The Dungeons of Doom. On T:608 you reached level 3 of The Dungeons of Doom. Score breakdown: Gold: 342 ( 8624 points) Experience: 1 level ( 0 points) Exploration: 3 levels ( 6.52%) ( 6324 points) Discoveries: 1 item ( 0.35%) ( 1767 points) Valuables value: (no points given unless you survive) Artifact value: 0 ( 0 points) Variety of kills: 9 monsters ( 2.36%) ( 4610 points) Turncount: 908 turns ( 0 points) Survival: died (score multiplied by 80%) Total score: 17060 Latest messages: Armand bites the gecko. The gecko is killed! Armand eats a gecko corpse. You begin bashing monsters with your bare hands. You hit the brown mold. You are suddenly very cold! The door opens. You hear some noises. You displace Armand. This door is locked. The door unlocks! The door resists! The door opens. The kobold zombie hits! (2x) Armand misses the kobold zombie. (3x) Armand bites the kobold zombie. The kobold zombie is destroyed! You displace Armand. Click! You trigger a rolling boulder trap! You are hit by a boulder. You die... Final status: Goodbye Zazza the Wizard, killed by a boulder... You died in The Dungeons of Doom on dungeon level 3 with 17060 points, and 342 pieces of gold, after 908 moves. You were level 1 with a maximum of 11 hit points when you died.